Map: Curious Minds LE

Players

Geralt (Gerald)

  • Race: Protoss Protoss
  • League: Grandmaster

MaxPax - Winner!

  • Race: Protoss Protoss
  • League: Grandmaster

Event: DreamHack SC2 Masters Last Chance 2022

VOD

Have the link to the VOD?

Description

Time

  • Played on: Dec. 17, 2021, 12:20 p.m.
  • Length: 12:22

All games in this series

Show
View Real Time Build Order
Export as new Build Order

Geralt Protoss 

Build Orders: Blink Stalkers 

Get SALT Encoding   

  12  0:00  Probe  
  13  0:12  Probe  
  14  0:17  Pylon  
  14  0:24  Probe (Chrono Boost)  
  16  0:37  Gateway, Probe (Chrono Boost)  
  16  0:43  Probe (Chrono Boost)  
  16  0:47  Assimilator  
  17  0:52  Probe (Chrono Boost)  
  17  0:55  Assimilator  
  19  1:04  Probe (Chrono Boost)  
  19  1:09  Gateway  
  19  1:13  Probe (Chrono Boost)  
  20  1:19  Probe  
  21  1:25  Cybernetics Core  
  21  1:31  Probe  
  22  1:37  Pylon  
  22  1:44  Probe  
  23  1:56  Probe  
  23  1:58  Pylon  
  24  2:02  Stalker  
  24  2:05  Stalker  
  28  2:09  Warp Gate  
  28  2:11  Probe  
  28  2:28  Probe  
  29  2:31  Pylon  
  29  2:40  Probe (Chrono Boost)  
  30  2:51  Probe (Chrono Boost)  
  31  2:55  Nexus  
  31  2:56  Probe (Chrono Boost)  
  29  3:06  Probe (Chrono Boost)  
  30  3:15  Twilight Council  
  30  3:17  Shield Battery  
  30  3:18  Probe (Chrono Boost)  
  31  3:22  Shield Battery  
  31  3:25  Probe (Chrono Boost)  
  32  3:32  Probe  
  33  3:44  Probe  
  33  3:47  Forge  
  34  3:57  Blink, Probe  
  34  3:59  Stalker  
  37  4:06  Stalker  
  37  4:09  Probe x2 (Chrono Boost)  
  41  4:16  Protoss Ground Weapons Level 1 (Chrono Boost)  
  41  4:20  Probe x2 (Chrono Boost)  
  43  4:28  Stalker, Probe  
  46  4:33  Stalker  
  46  4:37  Probe  
  47  4:42  Probe  
  48  4:47  Robotics Facility  
  48  4:49  Probe  
  49  4:53  Pylon  
  49  4:55  Stalker  
  49  4:59  Stalker  
  53  5:01  Probe  
  53  5:06  Pylon  
  54  5:11  Probe  
  54  5:13  Probe  
  56  5:25  Nexus, Probe  
  57  5:34  Assimilator  
  58  5:36  Observer (Chrono Boost)  
  58  5:40  Stalker x2  
  62  5:44  Probe, Shield Battery  
  62  5:48  Observer (Chrono Boost), Pylon  
  63  5:52  Probe  
  65  5:59  Gateway x2  
  65  6:05  Probe  
  65  6:07  Stalker  
  65  6:08  Stalker, Observer  
  71  6:11  Probe  
  71  6:16  Gateway  
  72  6:20  Gateway  
  72  6:26  Probe x2  
  72  6:31  Stalker  
  76  6:38  Probe  
  76  6:39  Probe (Chrono Boost)  
  79  6:40  Probe (Chrono Boost)  
  79  6:44  Gateway x2  
  79  6:49  Stalker, Protoss Ground Weapons Level 2 (Chrono Boost)  
  79  6:51  Probe (Chrono Boost)  
  82  7:01  Probe (Chrono Boost)  
  82  7:02  Probe (Chrono Boost)  
  82  7:04  Probe (Chrono Boost), Charge (Chrono Boost)  
  82  7:07  Gateway  
  85  7:09  Gateway  
  85  7:16  Probe  
  85  7:18  Stalker x2  
  86  7:31  Probe (Chrono Boost)  
  86  7:32  Probe (Chrono Boost)  
  86  7:34  Probe (Chrono Boost)  
  85  7:39  Zealot x4  
  93  7:44  Pylon  
  93  7:45  Assimilator  
  93  7:48  Templar Archives  
  93  7:55  Pylon  
  93  7:57  Pylon  
  93  7:58  Pylon  
  93  8:02  Probe x3  
  93  8:05  Pylon  
  96  8:06  Pylon  
  96  8:09  Zealot x2  
  96  8:12  Pylon  
  100  8:16  Stalker  
  100  8:17  Stalker x2  
  104  8:25  Zealot  
  104  8:26  Zealot x2  
  102  8:29  Zealot  
  95  8:34  Zealot x2  
  95  8:38  Stalker  
  98  8:42  Zealot  
  102  8:56  Warp Prism  
  102  9:07  Zealot x5  
  111  9:12  Zealot x2  
  114  9:17  Protoss Ground Armor Level 1 (Chrono Boost)  
  114  9:32  High Templar x3  
  114  9:33  High Templar x2  
  114  9:35  Zealot x4, High Templar  
  114  9:36  Archon  
  114  9:37  Archon  
  134  9:39  Archon  
  134  9:46  Photon Cannon  
  134  9:47  Pylon  
  134  9:50  Probe  
  134  9:52  Observer  
  135  9:58  Stalker  
  135  9:59  Stalker  
  138  10:00  Probe x2  
  134  10:08  Zealot x5  
  134  10:11  Probe  
  96  10:21  Zealot x3  
  96  10:22  Zealot  
  78  10:40  Stalker x5  
  80  10:52  Dark Shrine  
  80  10:56  Probe  
  81  11:07  Stalker x5  
  89  11:19  Zealot x5  
  74  11:34  Zealot x4  
  75  11:45  Zealot  
  58  11:51  Zealot x3  
  56  12:00  Zealot x2  
  52  12:07  Zealot  
  48  12:15  Zealot x2  
Show
View Real Time Build Order
Export as new Build Order

MaxPax Protoss - Winner!

Build Orders: Oracle Opening 

Get SALT Encoding   

  12  0:00  Probe  
  13  0:12  Probe  
  14  0:19  Pylon  
  14  0:24  Probe  
  15  0:37  Probe (Chrono Boost)  
  15  0:40  Gateway  
  16  0:47  Assimilator, Probe (Chrono Boost)  
  17  0:52  Probe (Chrono Boost)  
  18  1:03  Probe (Chrono Boost)  
  19  1:07  Assimilator, Pylon  
  19  1:09  Pylon  
  19  1:16  Probe (Chrono Boost)  
  20  1:23  Probe (Chrono Boost)  
  21  1:28  Cybernetics Core  
  21  1:30  Probe  
  24  1:40  Zealot  
  24  1:42  Probe  
  25  1:55  Probe  
  26  2:05  Adept (Chrono Boost)  
  26  2:08  Probe  
  29  2:09  Stargate  
  29  2:15  Pylon  
  29  2:23  Pylon  
  29  2:28  Warp Gate  
  28  2:45  Nexus  
  28  2:54  Oracle  
  28  2:57  Probe  
  30  3:06  Stalker  
  30  3:09  Probe  
  33  3:13  Shield Battery  
  33  3:21  Probe  
  34  3:30  Gateway  
  34  3:33  Probe  
  35  3:37  Oracle (Chrono Boost)  
  38  3:44  Pylon  
  38  3:46  Probe  
  39  3:59  Probe  
  40  4:04  Probe  
  40  4:08  Twilight Council  
  41  4:12  Probe (Chrono Boost)  
  41  4:16  Stalker  
  41  4:17  Probe (Chrono Boost)  
  46  4:24  Probe (Chrono Boost)  
  46  4:27  Probe (Chrono Boost)  
  46  4:30  Probe (Chrono Boost)  
  48  4:32  Probe (Chrono Boost)  
  48  4:38  Probe  
  49  4:41  Blink (Chrono Boost)  
  49  4:43  Probe  
  48  4:49  Gateway  
  48  4:50  Probe  
  48  4:52  Gateway  
  49  4:54  Stalker  
  49  4:59  Stalker  
  53  5:00  Probe  
  54  5:18  Probe  
  54  5:19  Nexus  
  54  5:20  Pylon  
  56  5:25  Stalker x2  
  56  5:26  Probe  
  60  5:35  Assimilator, Probe  
  61  5:41  Probe  
  62  5:43  Stalker, Forge  
  62  5:47  Stalker  
  66  5:50  Stalker  
  66  5:55  Pylon  
  68  6:02  Probe  
  68  6:03  Probe  
  70  6:14  Stalker x4  
  70  6:15  Protoss Ground Weapons Level 1 (Chrono Boost)  
  78  6:22  Pylon  
  78  6:28  Charge  
  78  6:31  Probe (Chrono Boost)  
  78  6:32  Probe (Chrono Boost)  
  80  6:36  Probe (Chrono Boost)  
  76  6:43  Probe (Chrono Boost)  
  76  6:45  Shield Battery  
  79  6:47  Probe (Chrono Boost)  
  79  6:48  Adept x2, Probe (Chrono Boost)  
  79  6:50  Probe (Chrono Boost)  
  79  6:52  Probe (Chrono Boost)  
  85  6:55  Stalker x2, Probe  
  85  6:57  Probe  
  91  7:06  Gateway  
  91  7:08  Gateway  
  91  7:09  Probe  
  91  7:12  Robotics Facility  
  93  7:18  Stalker x3  
  98  7:25  Probe  
  98  7:27  Probe  
  99  7:33  Probe  
  98  7:37  Probe  
  98  7:42  Stalker  
  101  7:49  Photon Cannon  
  101  7:50  Gateway  
  99  7:51  Pylon  
  99  7:52  Pylon  
  99  7:53  Nexus  
  99  7:54  Pylon  
  99  7:57  Assimilator, Probe x2  
  101  8:07  Gateway  
  101  8:08  Pylon  
  101  8:09  Observer  
  101  8:11  Adept x2  
  101  8:12  Pylon  
  104  8:21  Probe  
  103  8:27  Probe  
  99  8:34  Probe  
  99  8:37  Probe  
  99  8:41  Warp Prism (Chrono Boost)  
  96  8:42  Zealot x6  
  96  8:43  Protoss Ground Weapons Level 2 (Chrono Boost)  
  96  8:44  Pylon  
  110  8:48  Robotics Bay  
  110  9:02  Stalker x5  
  118  9:16  Shield Battery  
  118  9:18  Probe  
  115  9:26  Stalker x7  
  115  9:27  Stalker  
  115  9:28  Probe  
  126  9:34  Disruptor (Chrono Boost), Shield Battery  
  129  9:41  Photon Cannon  
  129  9:45  Pylon  
  129  9:49  Zealot x3  
  129  9:50  Zealot x2  
  139  9:54  Zealot  
  139  9:55  Photon Cannon  
  139  9:57  Stalker x2  
  145  10:00  Disruptor (Chrono Boost)  
  110  10:18  Stalker  
  110  10:19  Stalker x4, Zealot  
  110  10:20  Probe  
  119  10:21  Probe  
  116  10:29  Probe  
  116  10:30  Probe  
  116  10:33  Probe  
  116  10:34  Probe  
  114  10:41  Probe  
  113  10:42  Probe  
  113  10:45  Probe  
  113  10:46  Probe  
  113  10:49  Stalker x5  
  126  10:50  Zealot x2  
  126  10:53  Probe  
  126  10:55  Probe  
  133  10:57  Probe  
  133  10:58  Photon Cannon, Probe, Pylon  
  133  11:00  Disruptor (Chrono Boost)  
  137  11:07  Probe  
  127  11:26  Zealot x8, Disruptor (Chrono Boost)  
  127  11:27  Probe  
  127  11:32  Probe  
  136  11:33  Assimilator  
  136  11:37  Assimilator  
  136  11:39  Probe, Pylon  
  131  11:45  Probe  
  126  11:52  Stalker x5  
  126  11:53  Stalker x2  
  126  11:54  Zealot, Probe  
  121  12:15  Zealot x5  
  115  12:16  Zealot x2  
  127  12:21  Nexus  
  127  12:22  Pylon  

Tags
 
Add a new tag
Caveats
  • Supply blocks, unpowered buildings, or Contaminate may cause inaccurate times.
  • Supply counts are checked every 10 seconds.